 Dungeon Crawl Stone Soup version 0.23-a0-641-g0a7f1ce553 (webtiles) character file.

126 HereIgoKillingAgain the Charmwright (level 5, 0/43 HPs)
             Began as a Gnoll Skald on Dec 30, 2018.
             Succumbed to a worker ant's poison
             ... on level 4 of the Dungeon.
             The game lasted 00:02:41 (2907 turns).

HereIgoKillingAgain the Charmwright (Gnoll Skald)   Turns: 2907, Time: 00:02:41

Health: 0/43       AC:  4    Str: 19    XL:     5   Next: 10%
Magic:  12/12      EV: 14    Int: 16    God:
Gold:   102        SH:  0    Dex: 14    Spells: 3/14 levels left

rFire    . . .     SeeInvis .   a - +0 hand axe
rCold    . . .     Gourm    .   (no shield)
rNeg     . . .     Faith    .   b - +0 leather armour
rPois    .         Spirit   .   (no helmet)
rElec    .         Reflect  .   (no cloak)
rCorr    .         Harm     .   c - +0 pair of gloves
MR       .....                  (no boots)
Stlth    ++........             (no amulet)
HPRegen  0.14/turn              (no ring)
MPRegen  0.13/turn              (no ring)

@: mighty, lethally poisoned (0 -> -16), singing, hasted, very quick
A: distributed training, fangs 1, strong nose
a: no special abilities


You were on level 4 of the Dungeon.
You were not hungry.

You visited 1 branch of the dungeon, and saw 4 of its levels.

You collected 102 gold pieces.

Inventory:

Hand Weapons
 a - a +0 hand axe (weapon)
Armour
 b - a +0 leather armour (worn)
 c - a +0 pair of gloves (worn)
Jewellery
 l - a cursed ring of attention {unknown}
Scrolls
 e - a scroll of enchant armour {unknown}
 f - 3 scrolls of identify {unknown}
 i - a scroll of blinking {unknown}
 j - a scroll of teleportation {unknown}
 k - a scroll of remove curse {unknown}
Potions
 g - a potion of lignification {unknown}
 n - a potion of curing {unknown}
Comestibles
 d - 5 rations


   Skills:
 + Level 4.7 Fighting
 + Level 1.3 Short Blades
 + Level 1.3 Long Blades
 + Level 4.7 Axes
 + Level 1.3 Maces & Flails
 + Level 1.3 Polearms
 + Level 1.3 Staves
 + Level 1.3 Slings
 + Level 1.3 Bows
 + Level 1.3 Crossbows
 + Level 1.3 Throwing
 + Level 2.8 Armour
 + Level 4.7 Dodging
 + Level 1.3 Stealth
 + Level 1.3 Shields
 + Level 1.3 Unarmed Combat
 + Level 5.1 Spellcasting
 + Level 1.0 Conjurations
 + Level 1.0 Hexes
 + Level 5.5 Charms
 + Level 1.0 Summonings
 + Level 1.0 Necromancy
 + Level 1.0 Translocations
 + Level 1.0 Transmutations
 + Level 1.0 Fire Magic
 + Level 1.0 Ice Magic
 + Level 1.0 Air Magic
 + Level 1.0 Earth Magic
 + Level 1.0 Poison Magic
 + Level 1.4 Invocations
 + Level 1.3 Evocations


You had 3 spell levels left.
You knew the following spells:

 Your Spells              Type           Power        Failure   Level  Hunger
a - Song of Slaying       Chrm           ###.....     2%          2    #......
b - Regeneration          Chrm/Necr      ##........   14%         3    ###....
c - Shroud of Golubria    Chrm/Tloc      ##........   7%          2    #......
d - Spectral Weapon       Hex/Chrm       ##......     14%         3    ###....
g - Infusion              Chrm           ###.         1%          1    None

Your spell library contained the following spells:

 Spells                   Type           Power        Failure   Level  Hunger


Dungeon Overview and Level Annotations

Branches:
Dungeon (4/15)
 Temple: D:4-7

Altars:
Dithmenos
Uskayaw
Xom
Yredelemnul


Innate Abilities, Weirdness & Mutations

Your experience applies equally to all skills.
You have very sharp teeth.
Your uncanny sense of smell can sniff out nearby items.


Message History

The worker ant is severely wounded.
You feel sick. The worker ant barely misses you.
You closely miss the worker ant.
The worker ant is severely wounded.
You feel sick. The worker ant bites you.
* * * LOW HITPOINT WARNING * * *
You closely miss the worker ant.
The worker ant is severely wounded.
* * * LOW HITPOINT WARNING * * *
You feel sick. The worker ant bites you.
* * * LOW HITPOINT WARNING * * *
You are more poisoned.
The worker ant poisons you!
It was a potion of might.
You feel very mighty all of a sudden.
* * * LOW HITPOINT WARNING * * *
You feel sick. The worker ant bites you.
* * * LOW HITPOINT WARNING * * *
It was a potion of haste.
You feel yourself speed up.
You die...

#################
.......@aoo......
#########o...###
#....# #.....#
#.........
#.....###.
........
...####...∆ ##..
...(


You could see a worker ant and 3 orcs.

Vanquished Creatures
  6 adders
  An ooze (D:1)
  3 worms
  A leopard gecko (D:3)
  An orc (D:4)
  A giant cockroach (D:1)
  8 goblins
  7 hobgoblins
  5 jackals (D:1)
  A quokka (D:2)
  5 bats
  9 frilled lizards
  6 kobolds (D:1)
  6 rats
60 creatures vanquished.

Notes
Turn   | Place    | Note
-------+----------+-------------------------------------------
     0 | D:1      | HereIgoKillingAgain the Gnoll Skald began the quest for the
                  | Orb.
     0 | D:1      | Reached XP level 1. HP: 20/20 MP: 6/6
    74 | D:1      | Reached XP level 2. HP: 21/26 MP: 7/7
   544 | D:1      | Reached XP level 3. HP: 29/31 MP: 9/9
   565 | D:1      | Reached skill level 5 in Spellcasting
   571 | D:1      | Learned a level 2 spell: Song of Slaying
   575 | D:1      | Learned a level 3 spell: Regeneration
   578 | D:1      | Learned a level 2 spell: Shroud of Golubria
   582 | D:1      | Learned a level 3 spell: Spectral Weapon
   971 | D:2      | Reached skill level 1 in Invocations
  1171 | D:2      | Reached skill level 1 in Short Blades
  1171 | D:2      | Reached skill level 1 in Long Blades
  1171 | D:2      | Reached skill level 1 in Maces & Flails
  1171 | D:2      | Reached skill level 1 in Polearms
  1171 | D:2      | Reached skill level 1 in Staves
  1171 | D:2      | Reached skill level 1 in Slings
  1171 | D:2      | Reached skill level 1 in Bows
  1171 | D:2      | Reached skill level 1 in Crossbows
  1171 | D:2      | Reached skill level 1 in Throwing
  1171 | D:2      | Reached skill level 1 in Stealth
  1171 | D:2      | Reached skill level 1 in Shields
  1171 | D:2      | Reached skill level 1 in Unarmed Combat
  1171 | D:2      | Reached skill level 1 in Evocations
  1206 | D:2      | Reached XP level 4. HP: 38/38 MP: 11/11
  1937 | D:3      | Reached skill level 1 in Conjurations
  1937 | D:3      | Reached skill level 1 in Hexes
  1937 | D:3      | Reached skill level 1 in Summonings
  1937 | D:3      | Reached skill level 1 in Necromancy
  1937 | D:3      | Reached skill level 1 in Translocations
  1937 | D:3      | Reached skill level 1 in Transmutations
  1937 | D:3      | Reached skill level 1 in Fire Magic
  1937 | D:3      | Reached skill level 1 in Ice Magic
  1937 | D:3      | Reached skill level 1 in Air Magic
  1937 | D:3      | Reached skill level 1 in Earth Magic
  1937 | D:3      | Reached skill level 1 in Poison Magic
  2554 | D:3      | Found a shadowy altar of Dithmenos.
  2562 | D:3      | Found a shimmering altar of Xom.
  2570 | D:3      | Found a hide-covered altar of Uskayaw.
  2592 | D:3      | Reached XP level 5. HP: 37/43 MP: 10/12
  2863 | D:3      | Found a basalt altar of Yredelemnul.
  2906 | D:4      | HP: 1/43 [worker ant (6)]
  2907 | D:4      | Succumbed to a worker ant's poison

Vault maps used:
D:1:      mrwooster_arrival_arrow
D:2:      first_ration
D:3:      lemuel_doored_altar, xom_teletrap_fun, nicolae_overflow_hidden_temple,
          marbit_many_paths, minmay_misc_feat_pillars
D:4:      minmay_temple_entry_arrows, serial_shops, shop, shop, uniq_robin,
          uniq_purgy, uniq_ijyb

Skill      XL: |  1  2  3  4 |
---------------+-------------+-----
Spellcasting   | 5 |  5.1
Invocations    | 1 |  1.4
Short Blades   | 1 |  1.3
Long Blades    | 1 |  1.3
Maces & Flails | 1 |  1.3
Polearms       | 1 |  1.3
Staves         | 1 |  1.3
Slings         | 1 |  1.3
Bows           | 1 |  1.3
Crossbows      | 1 |  1.3
Throwing       | 1 |  1.3
Stealth        | 1 |  1.3
Shields        | 1 |  1.3
Unarmed Combat | 1 |  1.3
Evocations     | 1 |  1.3
Conjurations   | 1 |  1.0
Hexes          | 1 |  1.0
Summonings     | 1 |  1.0
Necromancy     | 1 |  1.0
Translocations | 1 |  1.0
Transmutations | 1 |  1.0
Fire Magic     | 1 |  1.0
Ice Magic      | 1 |  1.0
Air Magic      | 1 |  1.0
Earth Magic    | 1 |  1.0
Poison Magic   | 1 |  1.0
Fighting       | |  4.7
Axes           | |  4.7
Armour         | |  2.8
Dodging        | |  4.7
Charms         | |  5.5

Action                   |  1- 3 |  4- 6 || total
-------------------------+-------+-------++-------
Melee: Hand axe          |    96 |   152 ||   248
       Bite              |     8 |    17 ||    25
       Punch             |       |     1 ||     1
 Cast: Shroud of Golubri |     2 |       ||     2
       Song of Slaying   |       |     6 ||     6
  Use: Potion            |       |     2 ||     2
 Stab: Sleeping          |     1 |       ||     1
  Eat: Ration            |       |     2 ||     2
       Chunk             |       |     2 ||     2
Armor: Leather armour    |    27 |    39 ||    66
Dodge: Dodged            |    70 |   111 ||   181

Table legend:
 A = Non-vault XP
 B = Vault XP
 C = Vault XP percentage of total XP
 D = Non-vault monster count
 E = Vault monster count
 F = Vault count percentage of total count
                 A         B        C        D         E       F
            +---------+---------+-------+---------+---------+-------
      Total |     178 |       3 |   1.7 |      59 |       1 |   1.7
            +---------+---------+-------+---------+---------+-------
        D:1 |      49 |       0 |   0.0 |      28 |       0 |   0.0
        D:2 |      77 |       0 |   0.0 |      17 |       0 |   0.0
        D:3 |      48 |       3 |   5.9 |      12 |       1 |   7.7
        D:4 |       4 |       0 |   0.0 |       2 |       0 |   0.0
            +---------+---------+-------+---------+---------+-------
